 Dungeon Crawl Stone Soup version 0.20-a0-1062-g7b787ac (webtiles) character file.

3460 mkm the Basher (level 9, 0/81 HPs)
             Began as a Minotaur Berserker on Apr 27, 2017.
             Was a High Priest of Trog.
             Slain by an orc warrior
             ... wielding a +0 trident
              (11 damage)
             ... on level 9 of the Dungeon.
             The game lasted 00:36:57 (7135 turns).

mkm the Basher (Minotaur Berserker)                 Turns: 7135, Time: 00:36:57

Health: 0/81       AC: 15    Str: 28    XL:     9   Next: 78%
Magic:  8/8        EV: 10    Int:  4    God:    Trog [*****.]
Gold:   363        SH:  0    Dex: 12    Spells: 8/8 levels left

rFire    . . .     SeeInvis .   g - +3 mace (venom)
rCold    . . .     Gourm    .   (no shield)
rNeg     . . .     Faith    .   f - +1 chain mail
rPois    .         Spirit   .   (helmet restricted)
rElec    .         Reflect  .   (no cloak)
rCorr    .         Harm     .   (no gloves)
MR       .....                  h - +1 pair of boots
Stlth    ..........             (no amulet)
Regen    0.3/turn               (no ring)
MPRegen  0.2/turn               (no ring)

@: mighty, slowed, very slow
A: retaliatory headbutt, horns 2
a: Berserk, Trog's Hand, Brothers in Arms, Burn Spellbooks, Renounce Religion


You were on level 9 of the Dungeon.
You worshipped Trog.
Trog was extremely pleased with you.
You were not hungry.

You visited 1 branch of the dungeon, and saw 9 of its levels.

You collected 363 gold pieces.

Inventory:

Hand Weapons
 g - a +3 mace of venom (weapon)
 s - a +0 shortbow
Missiles
 e - 130 arrows (quivered)
Armour
 f - a +1 chain mail (worn)
 h - a +1 pair of boots (worn)
Wands
 m - a wand of random effects (34/48)
 p - a wand of iceblast (13/15)
 v - a wand of confusion (34/48)
 w - a wand of digging (14/24)
Scrolls
 a - a scroll of magic mapping
 b - 3 scrolls of identify
 d - 3 scrolls of remove curse
 i - 2 scrolls of blinking
 r - 2 scrolls of teleportation
Potions
 j - 3 potions of curing
 l - 2 potions of haste
 n - a potion of might
 o - 2 potions of lignification
 q - 2 potions of flight
Books
 x - a book of Changes

   Spells                             Type                      Level
   a - Beastly Appendage              Transmutation                1
   b - Sticks to Snakes               Transmutation                2
   c - Spider Form                    Transmutation/Poison         3
   d - Ice Form                       Ice/Transmutation            4
   e - Blade Hands                    Transmutation                5
   Trog disapproves of the use of such an item.
Comestibles
 c - a royal jelly
 t - a meat ration
 u - a bread ration


   Skills:
 + Level 7.8 Fighting
 + Level 10.8 Maces & Flails
 + Level 1.8 Bows
 + Level 10.3 Armour
 + Level 3.5 Dodging
 + Level 1.8 Stealth


You had 8 spell levels left.
You didn't know any spells.

Dungeon Overview and Level Annotations

Branches:
Dungeon (9/15)             Temple (0/1) D:5            Lair (0/6) D:8
    Orc (0/2) D:9

Altars:
Gozag
Beogh


Innate Abilities, Weirdness & Mutations

You reflexively headbutt those who attack you in melee.
You have a pair of horns on your head.


Message History

* * * LOW HITPOINT WARNING * * *
Items here: )) [[ † a scimitar; a chain mail; a short sword; a chain mail; an orc corpse You feel very mighty all of a sudden.
The orc warrior hits you from afar with a trident.
* * * LOW HITPOINT WARNING * * *
The orc priest looks encouraged for a moment.
You eat one of the 2 royal jellies.
That royal jelly was delicious!
The orc warrior closely misses you.
The orc warrior hits you but does no damage.
The orc warrior closely misses you.
The orc priest looks braver for a moment.
Things that are here:
a trident; a plate armour The orc warrior hits you but does no damage.
The orc warrior closely misses you.
Items here: )) [[ † a scimitar; a chain mail; a short sword; a chain mail; an orc corpse The orc warrior hits you with a trident!
You die...

############## ####
#............########## #..
#.##########.#........# #.#
#.##########.#.######.####.#
#.........##.#.######.#....##
#.........'...........+......
#.........##.#....###.#....##
#.........##.#....# #........
#.##########@#....# ####.....
#.# #o###### +..... #.. #o#
#..... #.. #.8ooo..# .....#
#>. .o'ooo..# .......
##.8ooo..# .......# #.#ooo..#
######.# #.#ooo..# #.#8._.>#


You could see 3 orc warriors, an orc priest and 3 orcs.

Vanquished Creatures
  A troll (D:8)
  A wyvern (D:8)
  A hungry ghost (D:8)
  Menkaure (D:4)
  An ice beast (D:7)
  5 orc warriors
  A phantom (D:4)
  2 ogres (D:7)
  5 centaurs
  3 bullfrogs
  3 scorpions
  6 killer bees (D:7)
  3 howler monkeys
  5 hounds
  A centaur skeleton (D:8)
  4 orc priests
  A gnoll shaman (D:7)
  3 orc wizards
  Crazy Yiuf (D:7)
  4 worker ants
  Robin (D:2)
  5 gnolls (D:7)
  14 adders
  3 shadow imps
  2 oozes
  4 worms
  6 dart slugs
  10 leopard geckos
  28 orcs
  A ball python (D:8)
  6 bats
  8 giant cockroaches
  6 hobgoblins
  10 jackals
  9 kobolds
  5 quokkas
  8 frilled lizards
  14 goblins
  A quokka skeleton (D:4)
  A quokka zombie (D:7)
  5 rats
199 creatures vanquished.

Notes
Turn   | Place    | Note
-------+----------+-------------------------------------------
     0 | D:1      | mkm the Minotaur Berserker began the quest for the Orb.
     0 | D:1      | Reached XP level 1. HP: 19/19 MP: 0/0
   188 | D:1      | Reached XP level 2. HP: 27/27 MP: 1/1
   318 | D:1      | Reached ** piety under Trog
   320 | D:1      | Reached XP level 3. HP: 33/33 MP: 2/2
   992 | D:2      | Noticed Robin
   993 | D:2      | Reached XP level 4. HP: 41/41 MP: 3/3
  1009 | D:2      | Killed Robin
  1338 | D:3      | Reached *** piety under Trog
  1360 | D:3      | Reached skill level 5 in Maces & Flails
  1477 | D:3      | Reached skill level 5 in Fighting
  1542 | D:3      | Reached XP level 5. HP: 47/48 MP: 4/4
  2870 | D:4      | Reached XP level 6. HP: 51/56 MP: 5/5
  3064 | D:5      | Entered Level 5 of the Dungeon
  3228 | D:4      | Noticed Menkaure
  3237 | D:4      | Killed Menkaure
  3237 | D:4      | Reached skill level 5 in Armour
  3239 | D:4      | Reached **** piety under Trog
  3239 | D:4      | Reached XP level 7. HP: 37/61 MP: 6/6
  3267 | D:4      | Reached skill level 1 in Stealth
  3627 | D:5      | Found a staircase to the Ecumenical Temple.
  3639 | D:5      | Found an opulent altar of Gozag.
  4371 | D:6      | Reached XP level 8. HP: 35/70 MP: 7/7
  5795 | D:7      | Reached XP level 9. HP: 73/78 MP: 8/8
  5906 | D:7      | Found a runed door.
  5910 | D:7      | Noticed Crazy Yiuf
  5914 | D:7      | Killed Crazy Yiuf
  6263 | D:8      | Reached skill level 10 in Maces & Flails
  6263 | D:8      | Reached skill level 1 in Bows
  6475 | D:8      | Noticed a troll
  6480 | D:8      | Killed a troll
  6571 | D:8      | Reached ***** piety under Trog
  6601 | D:8      | Reached skill level 10 in Armour
  6608 | D:8      | Found a staircase to the Lair.
  7119 | D:9      | Found a roughly hewn altar of Beogh.
  7119 | D:9      | Found a staircase to the Orcish Mines.
  7135 | D:9      | Slain by an orc warrior

Vault maps used:
D:1:      matt_arrival_refuge, minmay_bisected
D:2:      uniq_robin
D:3:      first_bread
D:4:      uniq_menkaure
D:5:      minmay_temple_entry_overgrown,
          nicolae_gozag_cash_rules_everything_around_me
D:7:      uniq_crazy_yiuf_cottage
D:8:      lair_entry_dummy
D:9:      xom_butterflies, david_orc_5, hangedman_ranch, grunt_ministairs_14,
          kennysheep_small_circle

Skill      XL: |  1  2  3  4  5  6  7  8  9 |
---------------+----------------------------+-----
Fighting       | 4 5 6 7 |  7.8
Maces & Flails | 4 5 6 7 9 10 | 10.8
Armour         | 3 4 5 7 9 10 | 10.3
Stealth        | 1 |  1.8
Dodging        | 3 |  3.5
Bows           | 1 |  1.8

Action                   |  1- 3 |  4- 6 |  7- 9 || total
-------------------------+-------+-------+-------++-------
Melee: Mace              |    85 |   131 |   252 ||   468
       Headbutt          |    19 |    21 |    55 ||    95
 Fire: Shortbow          |       |       |     8 ||     8
Invok: Berserk           |       |     3 |     3 ||     6
       Burn Spellbooks   |       |       |     1 ||     1
Evoke: Wand              |       |       |     3 ||     3
  Use: Scroll            |     4 |     5 |    12 ||    21
       Potion            |     2 |     8 |     3 ||    13
 Stab: Invisible         |       |     1 |       ||     1
       Paralysed         |       |       |     1 ||     1
  Eat: Bread ration      |       |     1 |     2 ||     3
       Meat ration       |       |     1 |     2 ||     3
       Fruit             |       |       |     7 ||     7
       Royal jelly       |       |       |     1 ||     1
Armor: Ring mail         |    18 |       |       ||    18
       Chain mail        |    34 |    85 |   123 ||   242
Dodge: Dodged            |    56 |    63 |   122 ||   241
